 Dungeon Crawl Stone Soup version 0.29.1-1-gd02db6906a (webtiles) character file.

Game seed: 10211981432396897270

24924 RatsInWalls the Impaler (level 13, -3/108 HPs)
             Began as a Merfolk Monk on Oct 21, 2022.
             Was a High Priest of Trog.
             Slain by a dire elephant (31 damage)
             ... on level 2 of the Lair of Beasts.
             The game lasted 00:41:28 (13086 turns).

RatsInWalls the Impaler (Merfolk Monk)             Turns: 13086, Time: 00:41:29

Health: -3/108     AC: 10    Str: 18    XL:     13   Next: 16%
Magic:  4/4        EV: 19    Int:  9    God:    Trog [*****.]
Gold:   630        SH:  0    Dex: 17    Spells: 12/12 levels left

rFire   + . .      SeeInvis .   F - +1 halberd
rCold   + + .      Faith    .   (shield currently unavailable)
rNeg    . . .      Spirit   .   L - +1 troll leather armour
rPois   .          Reflect  .   b - +0 helmet
rElec   .          Harm     .   A - +0 cloak
rCorr   .          Rampage  .   t - +0 pair of gloves
Will    .....                   y - +0 pair of boots
Stlth   ++++......              p - amulet of Sloth {rC+ Regen+ MP-9 Str+2}
HPRegen 1.88/turn               z - ring of protection from fire
MPRegen 0.09/turn               C - ring of protection from cold

@: no status effects
A: (nimble swimmer 2), mertail
a: Renounce Religion, Berserk, Trog's Hand, Brothers in Arms


You were on level 2 of the Lair of Beasts.
You worshipped Trog.
Trog was extremely pleased with you.
You visited 3 branches of the dungeon, and saw 15 of its levels.

You collected 669 gold pieces.
You spent 39 gold pieces at shops.

Inventory:

Hand Weapons
 F - a +1 halberd (weapon)
 P - a +3 trident of chaos
Missiles
 a - 4 silver javelins
 k - 2 throwing nets
 D - 18 poisoned darts
 N - 6 javelins (quivered)
Armour
 b - a +0 helmet (worn)
 t - a +0 pair of gloves (worn)
 y - a +0 pair of boots (worn)
 A - a +0 cloak (worn)
 L - a +1 troll leather armour (worn)
Jewellery
 p - the amulet of Sloth (around neck) {rC+ Regen+ MP-9 Str+2}
   (You found it on level 2 of the Dungeon)

   [amulet of regeneration]

   Str:       It affects your strength (+2).
   rC:        It protects you from cold.
   MP:        It affects your magic capacity (-9).
   Regen:     It increases your rate of health regeneration.
 z - a ring of protection from fire (left hand)
 B - a ring of fire
 C - a ring of protection from cold (right hand)
 I - a ring of resist corrosion
Wands
 f - a wand of polymorph (3)
 j - a wand of charming (7)
 l - a wand of flame (2)
Scrolls
 e - 11 scrolls of teleportation
 g - a scroll of enchant armour
 h - 3 scrolls of butterflies
 i - a scroll of summoning {unknown}
 q - 2 scrolls of poison
 w - a scroll of immolation {unknown}
 E - a scroll of torment
 J - a scroll of noise {unknown}
 K - a scroll of silence {unknown}
 M - a scroll of vulnerability {unknown}
 O - 3 scrolls of magic mapping {unknown}
Potions
 c - 2 potions of attraction
 d - 4 potions of curing
 m - a potion of berserk rage {unknown}
 o - a potion of brilliance {unknown}
 r - 3 potions of lignification
 s - a potion of magic
 u - a potion of haste
 x - 5 potions of mutation
 G - a potion of might {unknown}
 H - 2 potions of ambrosia
Miscellaneous
 Q - a phial of floods (inert)


   Skills:
 + Level 12.2 Fighting
 + Level 15.5 Polearms
 - Level 3.2 Armour
 + Level 13.2 Dodging
 + Level 8.5 Stealth
 - Level 8.3 Evocations


You had 12 spell levels left.
You didn't know any spells.
Your spell library contained the following spells:

 Spells                   Type           Power      Damage    Failure   Level
 Poisonous Vapours        Pois/Air       0%         N/A       58%         2
 Corpse Rot               Necr/Pois/Air  0%         N/A       99%         4


Dungeon Overview and Level Annotations

Branches:
Dungeon (12/15)            Temple (1/1) D:5            Lair (2/5) D:9
 Shoals (0/4) Lair:2
  Snake: Lair:2-3    Spider: Lair:2-3       Orc: D:9-12

Altars:
Ashenzari
Kikubaaqudgha
Trog
Uskayaw
Vehumet
Xom
Zin
The Shining One

Shops:
D:3 *

Annotations:
D:3 Grinder
D:4 Edmund


Innate Abilities, Weirdness & Mutations

((You are very nimble when in or above water. (Stealth+, EV+, Speed+++)))
Your lower body shifts to a powerful aquatic tail in water.


Message History

Unknown command.
Reach: F) +1 halberd
Press: ? - help, Dir - move target, f - dire elephant
Aim: a dire elephant (about 9% to evade your +1 halberd)
You reach to attack!
You hit the dire elephant but do no damage.
Unknown command.
You slice the dire elephant!!
The dire elephant is moderately wounded.
The dire elephant barely misses you. The dire elephant trunk-slaps you!
You hit the dire elephant but do no damage.
The dire elephant is lightly wounded.
You puncture the dire elephant!
The dire elephant is moderately wounded.
The dire elephant tramples you!!
You stumble backwards!
You slash the dire elephant!
The dire elephant is moderately wounded.
The dire elephant tramples you.
You stumble backwards!
The dire elephant tramples you!
You stumble backwards!
The dire elephant attacks as you move away!
The dire elephant closely misses you. The dire elephant trunk-slaps you.
The dire elephant attacks as you move away!
The dire elephant tramples you!
* * * LOW HITPOINT WARNING * * *
The dire elephant barely misses you.
You feel better. The dire elephant tramples you!!
* * * LOW HITPOINT WARNING * * *
You stumble backwards!
Your two-headed ogre goes berserk!
The dire elephant tramples you.
* * * LOW HITPOINT WARNING * * *
You stumble backwards!
Unknown command.
You feel better.
The dire elephant tramples you but does no damage.
The dire elephant closely misses you.
Unknown command.
The dire elephant attacks as you move away!
The dire elephant tramples you!!
You die...

♣♣......## ♣♣......#.#
♣........## ...
♣♣.........# P..P
♣♣..........## ♣♣♣♣P..P
♣♣♣♣♣............#
........
................##
....................P....#
................@........#
................YO.....#.#
.# .................## .#
....$...........## .# .
.........##.### .##
..###.##...##### ..#.
..<.........## .....
.............#
...................#


You could see a dire elephant (ally target) and a friendly two-headed ogre
(summoned, berserk).

Vanquished Creatures
  A centaur warrior (D:10)
  Pikel (D:9)
  A cyclops (D:10)
  8 elephants (Lair:2)
  A black mamba (Lair:1)
  5 cane toads
  4 komodo dragons (Lair:2)
  2 trolls
  Prince Ribbit (D:5)
  43 yaks
  A wyvern (D:9)
  A steam dragon (D:10)
  A basilisk (Lair:2)
  5 vampire mosquitoes
  A water moccasin (Lair:2)
  4 sky beasts (D:7)
  3 orc warriors (D:9)
  3 ogres
  18 wolves
  8 centaurs
  A lemure (D:9)
  2 phantoms
  4 kobold brigands
  10 bullfrogs
  A necrophage (D:6)
  3 scorpions
  A gnoll sergeant (D:10)
  17 wights
  14 killer bees
  8 electric eels (D:10)
  4 howler monkeys
  3 hounds
  3 jellies
  5 orc priests
  2 gnoll boudas
  3 iguanas
  8 orc wizards
  13 gnolls
  5 adders
  A shadow imp (D:7)
  A white imp (D:5)
  A dart slug (D:3)
  26 orcs
  7 ball pythons
  3 endoplasms
  8 giant cockroaches
  5 goblins
  3 hobgoblins
  3 quokkas
  3 bats (D:1)
  3 frilled lizards (D:1)
  14 kobolds
  5 rats
302 creatures vanquished.

Vanquished Creatures (collateral kills)
  Amaemon (Lair:2)
  6 elephants
  An orange demon (Lair:2)
8 creatures vanquished.

Vanquished Creatures (others)
  An iguana (D:5)
  An orc wizard (D:5)
  A bush (Lair:1)
  99 fungi
  86 plants
188 creatures vanquished.

Grand Total: 498 creatures vanquished

Notes
Turn   | Place    | Note
-------+----------+-------------------------------------------
     0 | D:1      | RatsInWalls the Merfolk Monk began the quest for the Orb.
     0 | D:1      | Reached XP level 1. HP: 18/18 MP: 1/1
   303 | D:1      | Reached XP level 2. HP: 21/24 MP: 2/2
  1153 | D:2      | Reached XP level 3. HP: 30/30 MP: 3/3
  1464 | D:2      | Identified the amulet of Sloth {rC+ Regen+ MP-9 Str+2}
  1880 | D:2      | Found a shimmering altar of Xom.
  2252 | D:3      | Noticed Grinder
  2347 | D:3      | Found Qeisho's General Store.
  2351 | D:3      | Bought a scroll of teleportation for 39 gold pieces
  2479 | D:3      | Reached XP level 4. HP: 34/37 MP: 0/4
  2673 | D:3      | Found a faded altar of an unknown god.
  2740 | D:3      | Prayed at the altar of an unknown god.
  2740 | D:3      | Became a worshipper of Trog the Wrathful
  2740 | D:3      | Reached * piety under Trog
  2740 | D:3      | Reached ** piety under Trog
  3013 | D:4      | Reached skill level 5 in Dodging
  3013 | D:4      | Reached skill level 1 in Evocations
  3021 | D:4      | Reached skill level 5 in Polearms
  3076 | D:4      | Reached XP level 5. HP: 29/42 MP: 0/5
  3732 | D:4      | Noticed Edmund
  3757 | D:5      | Entered Level 5 of the Dungeon
  3757 | D:5      | Noticed an ogre
  3757 | D:5      | Noticed Prince Ribbit
  4005 | D:5      | Noticed an ogre
  4010 | D:5      | Reached *** piety under Trog
  4175 | D:5      | Killed an ogre
  4176 | D:5      | Reached XP level 6. HP: 39/49 MP: 0/6
  4199 | D:5      | Found a staircase to the Ecumenical Temple.
  4206 | D:5      | Reached skill level 6 in Polearms
  4237 | Temple   | Entered the Ecumenical Temple
  4305 | D:5      | Reached XP level 7. HP: 34/55 MP: 0/7
  4306 | D:5      | Reached skill level 5 in Fighting
  4314 | D:5      | Reached skill level 7 in Polearms
  4480 | D:5      | Killed Prince Ribbit
  4481 | D:5      | Reached skill level 8 in Polearms
  4481 | D:5      | Reached XP level 8. HP: 64/64 MP: 0/8
  5124 | D:6      | Reached skill level 9 in Polearms
  5124 | D:6      | Reached skill level 1 in Armour
  5794 | D:6      | Reached **** piety under Trog
  6318 | D:6      | Reached XP level 9. HP: 46/70 MP: 0/9
  6421 | D:7      | Reached skill level 10 in Polearms
  6519 | D:7      | Reached skill level 5 in Evocations
  6831 | D:7      | Reached skill level 11 in Polearms
  7117 | D:7      | Reached XP level 10. HP: 67/80 MP: 1/10
  7286 | D:7      | Reached ***** piety under Trog
  8312 | D:9      | Reached skill level 12 in Polearms
  8403 | D:9      | Reached XP level 11. HP: 40/89 MP: 2/11
  8969 | D:9      | Reached skill level 10 in Dodging
  9168 | D:9      | Found a staircase to the Lair.
  9206 | D:9      | Noticed Pikel
  9217 | D:9      | Reached skill level 13 in Polearms
  9227 | D:9      | Killed Pikel
  9301 | D:10     | Entered Level 10 of the Dungeon
  9437 | D:9      | Reached skill level 10 in Fighting
  9841 | D:10     | You fall into a shaft and drop 2 floors!
  9867 | D:12     | Noticed a two-headed ogre
  9869 | D:12     | Noticed a manticore
  9992 | D:10     | Received a gift from Trog
 10022 | D:10     | Noticed a centaur warrior
 10078 | D:10     | Killed a centaur warrior
 10189 | D:10     | Noticed a cyclops
 10198 | D:10     | Killed a cyclops
 10221 | D:10     | Identified the +1 robe "Vulo" {Will+}
 10428 | D:10     | Found a glowing silver altar of Zin.
 10709 | D:10     | Found a broken altar of Ashenzari.
 10804 | D:10     | Reached skill level 5 in Stealth
 10808 | D:10     | Reached XP level 12. HP: 72/99 MP: 3/12
 11118 | Lair:1   | Entered Level 1 of the Lair of Beasts
 11123 | Lair:1   | Reached skill level 14 in Polearms
 12360 | Lair:2   | Found a staircase to the Shoals.
 12700 | Lair:1   | Reached skill level 15 in Polearms
 12878 | Lair:2   | Noticed Amaemon
 12905 | Lair:2   | Reached XP level 13. HP: 91/108 MP: 4/13
 12932 | Lair:2   | Killed Amaemon
 13065 | Lair:2   | Noticed a dire elephant
 13086 | Lair:2   | Slain by a dire elephant

Illustrated notes

Levels and vault maps discovered:
D:1:      dpeg_arrival_central, layout_loops_ring
D:2:      layout_basic, basic_altar
D:3:      layout_basic, ebering_ecumenical_altar_sacrificial, serial_shops,
          shop_fountains, guppyfry_early_lair_pool, uniq_grinder
D:4:      nicolae_cairo_tiling, layout_loops_cross, uniq_edmund
D:5:      layout_rooms, minmay_temple_entry_waves, grunt_ministairs_1,
          water_maze_lemuel, uniq_prince_ribbit1
D:6:      layout_basic, st_stairs_5, minmay_microvault
D:7:      minmay_inner_zag, layout_basic, grunt_ministairs_3
D:8:      layout_basic, hangedman_decor_clover_reticule
D:9:      layout_loops_ring, grunt_lair_entry_orc_guard_hut, uniq_pikel
D:10:     layout_basic, cheibrodos_ashenzari_chains, zin_academy,
          small_chamber_with_monster, minmay_checkerbox
D:11:     layout_cave_pools, orc_0_dummy, nicolae_shop_i_like_big_books,
          grunt_ministairs_14
D:12:     layout_cave_pods
Temple:   nicolae_temple_bog_church
Lair:1:   layout_roguey, chequers_serial_rivers_micro_c
Lair:2:   mu_elephants_graveyard, layout_gridlike, minmay_shoals_entry_centaurs,
          uniq_amaemon

Skill      XL: |  1  2  3  4  5  6  7  8  9 10 11 12 13 |
---------------+----------------------------------------+-----
Stealth        | 3 5 8 |  8.5
Fighting       | 4 5 6 7 9 10 12 | 12.2
Dodging        | 5 6 7 9 11 12 13 | 13.2
Evocations     | 1 2 3 4 6 7 8 |  8.3
Polearms       | 5 6 8 9 11 12 13 15 | 15.5
Armour         | 1 3 |  3.2

Action                   |  1- 3 |  4- 6 |  7- 9 | 10-12 | 13-15 || total
-------------------------+-------+-------+-------+-------+-------++-------
Melee: Spear             |   143 |   143 |   237 |       |       ||   523
       Punch             |     1 |     1 |     5 |       |       ||     7
       Halberd           |       |       |   156 |   856 |    34 ||  1046
       Tailslap          |       |       |       |    12 |     2 ||    14
Throw: Dart              |       |       |       |    10 |       ||    10
       Javelin           |       |       |       |     7 |       ||     7
Invok: Berserk           |       |       |       |     7 |       ||     7
       Brothers in Arms  |       |       |       |     2 |     2 ||     4
Evoke: Wand              |       |     8 |    32 |     3 |     5 ||    48
       Phial of floods   |       |       |       |     1 |       ||     1
  Use: Potion            |       |     1 |       |     5 |     2 ||     8
       Scroll            |       |     5 |       |    11 |     1 ||    17
 Stab: Sleeping          |     8 |     4 |     3 |    11 |     1 ||    27
       Distracted        |       |       |     2 |     1 |       ||     3
Armor: Robe              |    15 |       |       |       |       ||    15
       Ring mail         |     5 |    27 |    87 |    79 |       ||   198
       Troll leather arm |       |       |       |   106 |    10 ||   116
       Skin              |       |       |       |       |    17 ||    17
Dodge: Dodged            |    56 |    65 |   172 |   683 |    55 ||  1031
